 Dungeon Crawl Stone Soup version 0.23.2-40-g277498a001 (webtiles) character file.

Game seed: 2634014521151429349

48 DildoBatman the Magician (level 4, -1/30 HPs)
             Began as a Formicid Wizard on Aug 13, 2019.
             Slain by a rat (2 damage)
             ... on level 2 of the Dungeon.
             The game lasted 00:02:23 (1363 turns).

DildoBatman the Magician (Formicid Wizard)          Turns: 1363, Time: 00:02:23

Health: -1/30      AC:  3    Str: 12    XL:     4   Next: 0%
Magic:  8/8        EV: 12    Int: 18    God:
Gold:   88         SH:  0    Dex:  9    Spells: 2/9 levels left

rFire    . . .     SeeInvis +   a - +4 hand axe
rCold    . . .     Gourm    .   (no shield)
rNeg     . . .     Faith    .   i - +0 robe
rPois    .         Spirit   .   (helmet unavailable)
rElec    .         Reflect  .   (no cloak)
rCorr    .         Harm     .   (no gloves)
MR       .....                  k - +0 pair of boots
Stlth    ++........             (no amulet)
HPRegen  0.10/turn              (no ring)
MPRegen  0.11/turn              (no ring)

@: no status effects
A: permanent stasis, dig shafts and tunnels, four strong arms, antennae 3
a: Dig, Shaft Self


You were on level 2 of the Dungeon.
You were not hungry.

You visited 1 branch of the dungeon, and saw 2 of its levels.

You collected 88 gold pieces.

Inventory:

Hand Weapons
 a - a +4 hand axe (weapon)
Missiles
 g - 14 bolts
 j - 65 stones (quivered)
 m - 10 sling bullets
 p - 10 arrows
Armour
 i - a +0 robe (worn)
 k - a +0 pair of boots (worn)
Wands
 q - a wand of polymorph (4)
Scrolls
 b - a scroll of fog {unknown}
 e - 7 scrolls of identify {unknown}
 f - 3 scrolls of teleportation {unknown}
 l - a scroll of magic mapping {unknown}
 n - 2 scrolls of blinking {unknown}
 o - 2 scrolls of enchant weapon {unknown}
 r - a scroll of remove curse {unknown}
Potions
 d - 2 potions of curing {unknown}
 h - 2 potions of might {unknown}
Comestibles
 v - a ration


   Skills:
 - Level 1.7 Dodging
 - Level 2.4 Stealth
 - Level 3.2 Spellcasting
 * Level 3.1 Conjurations
   Level 1.0 Summonings
   Level 0.8 Translocations


You had 2 spell levels left.
You knew the following spells:

 Your Spells              Type           Power        Failure   Level  Hunger
a - Conjure Flame         Conj/Fire      #.......     26%         3    ###....
c - Magic Dart            Conj           ##..         4%          1    None
e - Mephitic Cloud        Conj/Pois/Air  #.......     30%         3    ###....

Your spell library contained the following spells:

 Spells                   Type           Power        Failure   Level  Hunger
 Call Imp                 Summ           #.......     16%         2    ##.....
 Slow                     Hex            #.......     24%         2    ##.....
 Blink                    Tloc           Unusable     N/A         2    N/A

Dungeon Overview and Level Annotations

Branches:
Dungeon (2/15)

Altars:


Innate Abilities, Weirdness & Mutations

You cannot be hasted, slowed, berserked, paralysed or teleported.
You can dig through walls and to a lower floor.
Your four strong arms can wield two-handed weapons with a shield.
You have a pair of large antennae on your head. (SInv)


Message History

Anything else - Cancel.
You shout for attention!
The rat bites you. What are your orders? t - Shout!
Orders for allies: a - Attack new target. r - Retreat! s - Stop attacking. g - Guard the area. f - Follow me.
Anything else - Cancel.
You shout for attention!
The rat bites you. What are your orders? t - Shout!
Orders for allies: a - Attack new target. r - Retreat! s - Stop attacking. g - Guard the area. f - Follow me.
Anything else - Cancel.
You shout for attention!
The rat bites you.
You die...

........# #..##
###.#...####.........####...#####
#........+......<..+...........
#.#...####.........####...#####
#.##.#.## ....... #.....#
#.......# ..... #####.# ######.##
... #.# #.# #r# #.# #.# #@# #.#
#.# #.# #.# ####.#######.## #.#
#........##...### #.#
#.##.##.........# #.#
#.##.....##...#.#########.#
#.##.###.###.##...........#
#.##.###.# #.##############
#........# #.#


You could see a rat.

Vanquished Creatures
  2 adders (D:2)
  3 worms (D:2)
  A dart slug (D:2)
  2 leopard geckos
  4 bats
  A hobgoblin (D:1)
  A kobold (D:1)
  2 frilled lizards
  7 rats
23 creatures vanquished.

Notes
Turn   | Place    | Note
-------+----------+-------------------------------------------
     0 | D:1      | DildoBatman the Formicid Wizard began the quest for the
                  | Orb.
     0 | D:1      | Reached XP level 1. HP: 13/13 MP: 4/4
    14 | D:1      | Reached skill level 1 in Conjurations
   203 | D:1      | Reached XP level 2. HP: 19/19 MP: 3/6
   575 | D:2      | Reached XP level 3. HP: 24/24 MP: 5/7
   580 | D:2      | Learned a level 3 spell: Conjure Flame
   584 | D:2      | Learned a level 3 spell: Mephitic Cloud
  1186 | D:2      | Reached XP level 4. HP: 23/30 MP: 8/8
  1362 | D:2      | HP: 1/30 [rat (3)]
  1363 | D:2      | Slain by a rat

Skill      XL: |  1  2  3 |
---------------+----------+-----
Conjurations   | 1 2 3 |  3.1
Dodging        | |  1.7
Stealth        | |  2.4
Spellcasting   | |  3.2
Summonings     | |  1.0
Translocations | |  0.8

Action                   |  1- 3 |  4- 6 || total
-------------------------+-------+-------++-------
Melee: Hand axe          |    17 |       ||    17
       Unarmed           |     1 |       ||     1
 Cast: Magic Dart        |    58 |       ||    58
 Stab: Sleeping          |     2 |       ||     2
  Eat: Chunk             |     1 |       ||     1
Armor: Robe              |     7 |    23 ||    30
Dodge: Dodged            |    16 |    65 ||    81
